 Dungeon Crawl Stone Soup version 0.30-a0-883-g5ad918d77d (webtiles) character file.

Game seed: 6032516800639739469

270 Pimp the Trooper (level 6, -7/46 HPs)
             Began as a Demonspawn Wanderer on Mar 16, 2023.
             Was an Initiate of Cheibriados.
             Killed from afar by Ijyb (26 damage)
             ... with a bolt of acid
             ... on level 3 of the Dungeon.
             The game lasted 00:04:53 (2404 turns).

Pimp the Trooper (Demonspawn Wanderer)              Turns: 2404, Time: 00:04:54

Health: -7/46      AC:  2    Str: 15    XL:     6   Next: 1%
Magic:  10/10      EV: 11    Int: 15    God:    Cheibriados [......]
Gold:   58         SH:  0    Dex: 13    Spells: 6/10 levels left

rFire   . . .      SeeInvis .    p - +2 hand axe (flame)
rCold   . . .      Faith    .    (no shield)
rNeg    . . .      Spirit   .    d - +0 leather armour
rPois   .          Reflect  .    (no helmet)
rElec   .          Rampage  .    b - +0 cloak
rCorr   .                        e - +0 pair of gloves
Will    .....                    c - +0 pair of boots
Stlth   ++                       (no amulet)
HPRegen 0.27/turn                (no ring)
MPRegen 0.12/turn                (no ring)

@: corroded, very slow
A: hooves 1, spiny 1, weakness stinger 1
a: Renounce Religion


You were on level 3 of the Dungeon.
You worshipped Cheibriados.
Cheibriados was noncommittal.
You visited 1 branch of the dungeon, and saw 3 of its levels.

You collected 58 gold pieces.

Inventory:

Hand Weapons
 a - a +0 long sword
 p - a +2 hand axe of flaming (weapon)
Armour
 b - a +0 cloak (worn)
 c - a +0 pair of boots (worn)
 d - a +0 leather armour (worn)
 e - a +0 pair of gloves (worn)
Jewellery
 f - a ring of flight
Scrolls
 h - a scroll of identify
 j - a scroll of amnesia {unknown}
 l - a scroll of poison {unknown}
 n - a scroll of fog {unknown}
 q - a scroll of enchant weapon {unknown}
Potions
 g - 2 potions of attraction {unknown}
 i - a potion of might {unknown}
 k - 2 potions of curing
 m - 2 potions of berserk rage {unknown}
 o - a potion of lignification {unknown}
 r - a potion of magic {unknown}


   Skills:
 + Level 2.9 Fighting
 - Level 2.1 Long Blades
 * Level 1.9 Axes
 + Level 1.8 Armour
 + Level 1.8 Dodging
 - Level 1.7 Stealth
 + Level 2.7 Spellcasting
 + Level 2.6 Earth Magic
 + Level 1.2 Poison Magic


You had 6 spell levels left.
You knew the following spells:

 Your Spells              Type           Power      Damage    Failure   Level
a - Sandblast             Erth           18%        2d7       9%          1
b - Sting                 Tmut/Pois      12%        1d3       21%         1
c - Poisonous Vapours     Pois/Air       6%         N/A       30%         2

Your spell library contained the following spells:

 Spells                   Type           Power      Damage    Failure   Level
 Slow                     Hex            8%         N/A       26%         1
 Lesser Beckoning         Tloc           4%         N/A       36%         2
 Stone Arrow              Conj/Erth      12%        3d7       41%         3
 Confusing Touch          Hex            2%         N/A       58%         3
 Gell's Gravitas          Tloc           2%         N/A       58%         3
 Hailstorm                Conj/Ice       2%         3d3       58%         3
 Teleport Other           Tloc           2%         N/A       58%         3
 Vampiric Draining        Necr           2%         2d6       58%         3
 Olgreb's Toxic Radiance  Pois           5%         N/A       83%         4
 Ice Form                 Ice/Tmut       2%         N/A       94%         4
 Simulacrum               Ice/Necr       1%         N/A       100%        6


Dungeon Overview and Level Annotations

Branches:
Dungeon (3/15)

Altars:
Cheibriados

Shops:
D:3 [

Annotations:
D:3 Ijyb


Innate Abilities, Weirdness & Mutations

You have large cloven feet.
You are partially covered in sharp spines.
You have a small tail.


Message History

The orc shouts!
You hear a shout! x2
Ijyb the Twisted Goblin comes into view.
She is wielding a +0 dagger, wearing a +4 ring mail of poison resistance and carrying a wand of acid (8).
The orc closely misses you.
You hear a shout! x3
Ijyb shouts!
The orc is struck by your spines.
You kill the orc!
Cheibriados thoroughly appreciates the change of pace.
Found a stone staircase leading down.
Ijyb is struck by your spines. Ijyb hits you with a +0 dagger.
Items here: $ ) = ? [ †.
You barely miss Ijyb.
Ijyb is lightly wounded.
Ijyb hits you with a +0 dagger.
You hit Ijyb but do no damage. You tail-slap Ijyb, but do no damage.
Ijyb is lightly wounded.
Ijyb is struck by your spines. Ijyb barely misses you.
Ijyb is struck by your spines. Ijyb misses you.
You hit Ijyb but do no damage.
Ijyb is heavily wounded.
An orc comes into view. It is wielding a +0 dagger.
Ijyb closely misses you.
You hit Ijyb. You burn Ijyb.
Ijyb is heavily wounded.
You hit the orc. You burn the orc. The orc is struck by your spines.
The orc hits you with a +0 dagger.
Ijyb zaps a wand.
The bolt of acid hits you!! The acid corrodes you!
You hear a shout!
You hit Ijyb but do no damage.
Your tail-slap misses Ijyb.
Ijyb is heavily wounded.
You hit the orc but do no damage.
You hear a shout!
The orc hits you with a +0 dagger. Ijyb hits you with a +0 dagger.
* * * LOW HITPOINT WARNING * * *
Okay, then.
It was a potion of curing.
You feel better. The orc is struck by your spines.
The orc hits you with a +0 dagger.
Ijyb zaps a wand.
The bolt of acid hits you!!
Ouch! That really hurt!
You die...

####..
####.########.#
....
#....†........#
####.
##.#.######..##
.# #.#.# #...#
# #.#.# #.#.#
#.#.###...#.#
#.......###.#
#...##### #.#
#@g.# #.#
#>o.#.#
#.#.#...
#.#.##### # #.#
#.# #.# #.#


You could see Ijyb and an orc.

Vanquished Creatures
  Sigmund (D:3)
  An iron imp (D:3)
  3 adders
  3 worms
  An orc (D:3)
  2 endoplasms (D:1)
  A giant cockroach (D:1)
  5 goblins
  4 hobgoblins (D:1)
  3 quokkas
  5 ball pythons
  6 bats
  4 frilled lizards
  3 kobolds
  4 rats
46 creatures vanquished.

Notes
Turn   | Place    | Note
-------+----------+-------------------------------------------
     0 | D:1      | Pimp the Demonspawn Wanderer began the quest for the Orb.
     0 | D:1      | Pimp set off with the following items: a +0 long sword, a
                  | +0 cloak, a potion of heal wounds, a +0 leather armour; and
                  | the following spell memorised: Sandblast; and the following
                  | spells available to memorise: Stone Arrow.
     0 | D:1      | Reached XP level 1. HP: 16/16 MP: 3/3
   184 | D:1      | Discovered your monstrous ancestry.
   184 | D:1      | Gained mutation: You have a small tail. [demonic ancestry]
   184 | D:1      | Reached XP level 2. HP: 22/22 MP: 5/5
   488 | D:1      | Found a faded altar of an unknown god.
  1057 | D:2      | Reached XP level 3. HP: 11/27 MP: 6/6
  1155 | D:2      | Reached skill level 1 in Armour
  1715 | D:2      | Reached skill level 1 in Dodging
  1854 | D:3      | Found Yquipn's Armour Boutique.
  1984 | D:3      | Learned a level 1 spell: Sting
  1987 | D:3      | Learned a level 2 spell: Poisonous Vapours
  2184 | D:3      | Noticed Sigmund
  2189 | D:3      | Reached XP level 4. HP: 34/34 MP: 7/7
  2219 | D:3      | Killed Sigmund
  2220 | D:3      | Reached skill level 1 in Axes
  2220 | D:3      | Reached skill level 1 in Poison Magic
  2220 | D:3      | Gained mutation: You are partially covered in sharp spines.
                  | [demonic ancestry]
  2220 | D:3      | Reached XP level 5. HP: 32/40 MP: 4/9
  2329 | D:3      | Found a snail-covered altar of Cheibriados.
  2340 | D:3      | Gained mutation: You have large cloven feet. [demonic
                  | ancestry]
  2340 | D:3      | Reached XP level 6. HP: 42/46 MP: 10/10
  2344 | D:3      | Became a worshipper of Cheibriados the Contemplative
  2396 | D:3      | Noticed Ijyb
  2404 | D:3      | Killed from afar by Ijyb

Illustrated notes

Levels and vault maps discovered:
D:1:      eino_arrival_tree_alley, layout_basic,
          hellmonk_ecumenical_altar_inner_sanctum, grunt_decor_mini_mirrors,
          chequers_garden
D:2:      layout_rooms
D:3:      layout_basic, slow_altar_1, serial_shops, nicolae_diamond_shop,
          nrook_mini_vaults, uniq_sigmund, uniq_ijyb

Skill      XL: |  1  2  3  4 |
---------------+-------------+-----
Long Blades    | 2 |  2.1
Earth Magic    | 2 |  2.6
Armour         | 1 |  1.8
Dodging        | 1 |  1.8
Axes           | 1 |  1.9
Poison Magic   | 1 |  1.2
Fighting       | |  2.9
Stealth        | |  1.7
Spellcasting   | |  2.7

Action                     |  1- 3 |  4- 6 || total
---------------------------+-------+-------++-------
  Melee: Long sword        |    99 |       ||    99
         Tailslap          |     7 |     5 ||    12
         Punch             |     3 |     1 ||     4
         Hand axe          |    15 |    27 ||    42
   Cast: Sandblast         |    10 |       ||    10
         Poisonous Vapours |       |     1 ||     1
    Use: Scroll            |     1 |       ||     1
         Potion            |     1 |     1 ||     2
   Stab: Sleeping          |     3 |       ||     3
 Armour: Leather armour    |    59 |    11 ||    70
  Dodge: Dodged            |    97 |    16 ||   113

Table legend: (Time is in decaauts)
 A = Elapsed time spent in this place.
 B = Non-inter-level travel time spent in this place.
 C = Inter-level travel time spent in this place.
 D = Time resting spent in this place.
 E = Time spent auto-exploring this place.
 F = Levels seen in this place.
 G = Mean time per level.
                   A        B        C        D        E       F      G
               +--------+--------+--------+--------+--------+-----+--------+
         Total |   2461 |   2368 |     93 |    537 |   1302 |   3 |  820.3 |
       Dungeon |   2461 |   2368 |     93 |    537 |   1302 |   3 |  820.3 |
               +--------+--------+--------+--------+--------+-----+--------+

Top non-repeatable levels by time:
     D:1: 1000 daAuts
     D:2: 876 daAuts
     D:3: 583 daAuts
